 Dungeon Crawl Stone Soup version 0.29-a0-284-gf9362112df (webtiles) character file.

Game seed: 7091060989416160695

1138 yunder69 the Poker (level 8, -3/73 HPs)
             Began as a Minotaur Berserker on Mar 24, 2022.
             Was a Believer of Trog.
             Slain by a gnoll
             ... wielding a +0 flail
              (6 damage)
             ... on level 5 of the Dungeon.
             The game lasted 00:13:17 (4395 turns).

yunder69 the Poker (Minotaur Berserker)             Turns: 4395, Time: 00:13:18

Health: -3/73      AC: 11    Str: 21 (22) XL:     8   Next: 14%
Magic:  7/7        EV:  8    Int:  9 (11) God:    Trog [**....]
Gold:   251        SH:  0    Dex:  5 (7)  Spells: 7/7 levels left

rFire   . . .      SeeInvis .   j - +0 scythe
rCold   . . .      Faith    .   (shield currently unavailable)
rNeg    . . .      Spirit   .   i - +0 chain mail
rPois   .          Reflect  .   (helmet restricted)
rElec   .          Harm     +   (no cloak)
rCorr   .          Rampage  .   (no gloves)
Will    .....                   h - +0 pair of boots of the Rose {Harm +Blink Int+5 Dex-3}
Stlth   ..........              (no amulet)
HPRegen 0.22/turn               (no ring)
MPRegen 0.10/turn               (no ring)

@: on berserk cooldown
A: horns 2, retaliatory headbutt
a: Renounce Religion, Evoke Blink, Berserk, Trog's Hand


You were on level 5 of the Dungeon.
You worshipped Trog.
Trog was pleased with you.
You visited 1 branch of the dungeon, and saw 5 of its levels.

You collected 251 gold pieces.

Inventory:

Hand Weapons
 a - a +0 spear
 g - a +0 war axe
 j - a +0 scythe (weapon)
 n - a +2 quarterstaff of chaos
 q - a +1 short sword of venom
Missiles
 f - 9 poisoned darts
 r - 3 boomerangs (quivered)
 s - 5 javelins
Armour
 h - the +0 pair of boots of the Rose (worn) {Harm +Blink Int+5 Dex-3}
   (You acquired it on level 2 of the Dungeon)

   Int:       It affects your intelligence (+5).
   Dex:       It affects your dexterity (-3).
   +Blink:    It lets you blink.
   Harm:      It increases damage dealt and taken.
 i - a +0 chain mail (worn)
Wands
 k - a wand of charming (10)
Scrolls
 b - 3 scrolls of blinking {unknown}
 l - a scroll of magic mapping
 p - a scroll of fear {unknown}
Potions
 d - 2 potions of ambrosia {unknown}
 o - 2 potions of resistance {unknown}
 u - a potion of brilliance {unknown}


   Skills:
 + Level 7.2 Fighting
 + Level 7.3 Polearms
 + Level 5.7 Armour
 + Level 5.1 Dodging
 - Level 0.6 Stealth


You had 7 spell levels left.
You didn't know any spells.
Your spell library contained the following spells:

 Spells                   Type           Power      Damage    Failure   Level
 Ensorcelled Hibernation  Hex/Ice        0%         N/A       99%         2
 Passwall                 Tmut/Erth      0%         N/A       99%         2
 Conjure Flame            Conj/Fire      0%         6-21      100%        3
 Ignite Poison            Fire/Tmut/Pois 0%         N/A       100%        3
 Spider Form              Tmut/Pois      0%         N/A       100%        3
 Swiftness                Air            0%         N/A       100%        3
 Anguish                  Hex/Necr       0%         N/A       100%        4
 Sticky Flame             Conj/Fire      0%         2d3       100%        4


Dungeon Overview and Level Annotations

Branches:
Dungeon (5/15)             Temple (0/1) D:4

Altars:


Innate Abilities, Weirdness & Mutations

You have a pair of horns on your head.
You reflexively headbutt those who attack you in melee.


Message History

The orc hits you with a +0 short sword. The gnoll barely misses you.
The gnoll hits you with a +0 whip! The water moccasin closely misses you.
The orc closely misses you. The gnoll hits you but does no damage.
The gnoll closely misses you.
You hit the gnoll but do no damage. Your headbutt misses the gnoll.
The water moccasin dissolves into shadows!
The orc misses you. The gnoll hits you with a +0 flail.
The gnoll hits you but does no damage. The orc barely misses you.
You furiously retaliate!
You headbutt the orc. The gnoll completely misses you.
The gnoll hits you with a +0 whip.
Okay, then.
You feel much better.
The orc dissolves into shadows!
The gnoll barely misses you. You furiously retaliate!
You headbutt the gnoll, but do no damage.
The gnoll barely misses you. The gnoll hits you but does no damage.
The gnoll hits you with a +0 flail. The gnoll hits you but does no damage.
You hit the gnoll.
The gnoll is lightly wounded.
The gnoll hits you with a +0 flail!
The gnoll hits you but does no damage. x4
The gnoll hits you with a +0 flail!
You barely miss the gnoll.
The gnoll is lightly wounded.
The gnoll hits you with a +0 flail.
The gnoll hits you but does no damage. x2
The gnoll hits you with a +0 flail. The gnoll hits you with a +0 whip.
The gnoll hits you with a +0 flail!
* * * LOW HITPOINT WARNING * * *
You're still recovering from your berserk rage.
Unknown command.
It was a potion of degeneration.
There was something very wrong with that liquid.
You feel weakened.
You feel dopey.
You feel clumsy.
You feel yourself speed up. The gnoll hits you with a +0 whip.
* * * LOW HITPOINT WARNING * * *
The gnoll hits you but does no damage. The gnoll hits you with a +0 flail.
* * * LOW HITPOINT WARNING * * *
The gnoll closely misses you. The gnoll hits you with a +0 flail.
* * * LOW HITPOINT WARNING * * *
The gnoll hits you with a +0 flail.
You die...

#......###....###########
#.........g..o)l).g......
########.[..#########.......
##.######...#### ###....##..
###...##.......#.#....#.g.##
. ###.....##...........#
.o..##
#..........).....##......lg#
##.......)...#.#gg# ........
##......÷)..#..@g# ...##..
#...............# .#
#.......#......... #
##...............#...
#..###...#######.##...#
#.......## ## .... #..)....#
.. ... ##......#.... ## ..
##.....'...≈ #.##..


You could see 3 gnolls.

Vanquished Creatures
  Sigmund (D:2)
  A water moccasin (D:3)
  A black bear (D:4)
  An ogre (D:5)
  A necrophage (D:3)
  6 hounds
  Crazy Yiuf (D:2)
  A jelly (D:5)
  2 orc priests (D:3)
  Jessica (D:2)
  2 iguanas
  4 orc wizards
  5 gnolls (D:5)
  3 adders (D:4)
  A white imp (D:5)
  A worm (D:2)
  A dart slug (D:3)
  7 orcs
  3 bats (D:3)
  11 endoplasms
  A giant cockroach (D:4)
  6 hobgoblins
  5 jackals
  3 quokkas
  5 frilled lizards
  3 goblins
  6 kobolds
  4 rats (D:2)
87 creatures vanquished.

Vanquished Creatures (others)
  5 fungi (D:2)
5 creatures vanquished.

Grand Total: 92 creatures vanquished

Notes
Turn   | Place    | Note
-------+----------+-------------------------------------------
     0 | D:1      | yunder69 the Minotaur Berserker began the quest for the
                  | Orb.
     0 | D:1      | Reached XP level 1. HP: 19/19 MP: 0/0
   211 | D:1      | Reached XP level 2. HP: 18/27 MP: 1/1
  1141 | D:2      | Noticed Jessica
  1148 | D:2      | Killed Jessica
  1149 | D:2      | Reached XP level 3. HP: 31/34 MP: 2/2
  1199 | D:2      | Noticed Sigmund
  1205 | D:2      | Killed Sigmund
  1206 | D:2      | Reached skill level 5 in Fighting
  1206 | D:2      | Reached skill level 5 in Polearms
  1206 | D:2      | Reached XP level 4. HP: 42/42 MP: 3/3
  1206 | D:2      | Reached XP level 5. HP: 48/48 MP: 4/4
  1395 | D:2      | Identified a scroll of acquirement
  1395 | D:2      | Acquired the +0 pair of boots of the Rose {Harm +Blink
                  | Int+5 Dex-3}
  1462 | D:2      | Reached ** piety under Trog
  1699 | D:2      | Found a runed translucent door.
  1700 | D:2      | Noticed Crazy Yiuf
  1706 | D:2      | Killed Crazy Yiuf
  1772 | D:3      | Reached XP level 6. HP: 47/57 MP: 5/5
  1856 | D:3      | Noticed a water moccasin
  1869 | D:3      | Killed a water moccasin
  2254 | D:3      | Reached XP level 7. HP: 63/63 MP: 6/6
  3048 | D:4      | Found a staircase to the Ecumenical Temple.
  3723 | D:5      | Entered Level 5 of the Dungeon
  3729 | D:5      | Reached skill level 5 in Armour
  4116 | D:5      | Reached XP level 8. HP: 73/73 MP: 7/7
  4135 | D:5      | Reached skill level 5 in Dodging
  4395 | D:5      | HP: 3/73 [gnoll/+0 flail (7)]
  4395 | D:5      | Slain by a gnoll

Illustrated notes

Levels and vault maps discovered:
D:1:      dpeg_arrival_rooms_b, layout_basic, minmay_tetromino_s2
D:2:      layout_loops_ring, uniq_jessica, uniq_sigmund, uniq_crazy_yiuf_cottage
D:3:      layout_rooms
D:4:      layout_loops_ring, minmay_temple_entry_offerings, serial_rivers,
          chequers_serial_rivers_small_3, chequers_serial_rivers_micro_c,
          chequers_serial_rivers_large_b, chequers_serial_rivers_small_a,
          chequers_serial_rivers_micro_e
D:5:      layout_cave_pools, serial_gnoll_camp, gnoll_camp_huts_basic,
          gnoll_camp_mini_hut, gnoll_camp_mini_doghouse,
          gnoll_camp_mini_doghouse, gnoll_camp_mini_shop, gnoll_camp_medium_01,
          kennysheep_flooded_box, minmay_holes

Skill      XL: |  1  2  3  4  5  6  7  8 |
---------------+-------------------------+-----
Polearms       | 4 5 6 7 |  7.3
Fighting       | 4 5 6 7 |  7.2
Armour         | 3 4 5 |  5.7
Dodging        | 3 4 5 |  5.1
Stealth        | |  0.6

Action                   |  1- 3 |  4- 6 |  7- 9 || total
-------------------------+-------+-------+-------++-------
Melee: Spear             |    45 |   107 |     8 ||   160
       Punch             |     2 |     1 |       ||     3
       Headbutt          |     1 |    13 |    10 ||    24
       Quarterstaff      |       |       |    44 ||    44
       Scythe            |       |       |    43 ||    43
Throw: Javelin           |       |       |     3 ||     3
       Dart              |       |       |     1 ||     1
       Boomerang         |       |       |     1 ||     1
Invok: Berserk           |     2 |     4 |     4 ||    10
 Abil: Evoke Blink       |       |     1 |     2 ||     3
  Use: Scroll            |       |     1 |     6 ||     7
       Potion            |       |       |     4 ||     4
Armor: Animal skin       |     2 |       |       ||     2
       Chain mail        |     2 |    25 |   113 ||   140
Dodge: Dodged            |    10 |    11 |    57 ||    78

Table legend: (Time is in decaauts)
 A = Elapsed time spent in this place.
 B = Non-inter-level travel time spent in this place.
 C = Inter-level travel time spent in this place.
 D = Time resting spent in this place.
 E = Time spent auto-exploring this place.
 F = Levels seen in this place.
 G = Mean time per level.
                   A        B        C        D        E       F      G
               +--------+--------+--------+--------+--------+-----+--------+
         Total |   4591 |   4099 |    492 |    694 |   2667 |   5 |  918.2 |
       Dungeon |   4591 |   4099 |    492 |    694 |   2667 |   5 |  918.2 |
               +--------+--------+--------+--------+--------+-----+--------+

Top non-repeatable levels by time:
     D:4: 1267 daAuts
     D:1: 952 daAuts
     D:2: 818 daAuts
     D:3: 807 daAuts
     D:5: 745 daAuts
